 Dungeon Crawl Stone Soup version 0.24-a0-375-g4de66ed42b (webtiles) character file.

Game seed: 11205236859984017846

1 Brecoman the Sneak (level 1, -2/15 HPs)
             Began as a Naga Enchanter on May 31, 2019.
             Slain by a leopard gecko (5 damage)
             ... on level 1 of the Dungeon.
             The game lasted 00:00:53 (74 turns).

Brecoman the Sneak (Naga Enchanter)                   Turns: 74, Time: 00:00:54

Health: -2/15      AC:  1    Str: 10    XL:     1   Next: 20%
Magic:  2/3        EV: 10    Int: 15    God:
Gold:   25         SH:  0    Dex: 11    Spells: 3/4 levels left

rFire    . . .     SeeInvis +   a - +1 dagger
rCold    . . .     Gourm    .   (no shield)
rNeg     . . .     Faith    .   b - +0 robe
rPois    +         Spirit   .   (no helmet)
rElec    .         Reflect  .   (no cloak)
rCorr    .         Harm     .   (no gloves)
MR       .....                  (no barding)
Stlth    ++........             (no amulet)
HPRegen  0.05/turn              (no ring)
MPRegen  0.08/turn              (no ring)

@: very slow
A: large, see invisible, deformed body, poison resistance, slowness 2, slow
metabolism 1, spit poison 1, AC +0
a: Spit Poison


You were on level 1 of the Dungeon.
You were not hungry.

You visited 1 branch of the dungeon, and saw 1 of its levels.

You collected 25 gold pieces.

Inventory:

Hand Weapons
 a - a +1 dagger (weapon)
Armour
 b - a +0 robe (worn)
Jewellery
 c - an uncursed amulet of faith {unknown}
Comestibles
 d - a ration


   Skills:
 + Level 1.0 Short Blades
 - Level 1.5 Dodging
 + Level 4.4 Stealth
 - Level 2.0 Spellcasting
 * Level 3.0 Hexes


You had 3 spell levels left.
You knew the following spells:

 Your Spells              Type           Power        Failure   Level  Hunger
a - Corona                Hex            ##.....      6%          1    #......

Your spell library contained the following spells:

 Spells                   Type           Power        Failure   Level  Hunger
 Ensorcelled Hibernation  Hex/Ice        #.....       19%         2    ###....
 Confuse                  Hex            ##......     19%         3    ###....
 Tukima's Dance           Hex            ##......     19%         3    ###....
 Dazzling Spray           Conj/Hex       #.....       34%         3    ###....


Dungeon Overview and Level Annotations

Branches:
Dungeon (1/15)

Altars:


Innate Abilities, Weirdness & Mutations

You cannot wear boots.
Your serpentine skin is tough. (AC +0)
You have supernaturally acute eyesight. (SInv)
Armour fits poorly on your strangely shaped body.
Your system is resistant to poisons. (rPois)
You cover ground very slowly.
You have a slow metabolism.
You can spit poison.


Message History

You now have 25 gold pieces (gained 12).
A rat comes into view.
You barely miss the rat. The rat bites you.
You hit the rat.
You kill the rat!
A leopard gecko comes into view.
The leopard gecko barely misses you. The leopard gecko bites you.
You closely miss the leopard gecko. The leopard gecko bites you.
You hit the leopard gecko but do no damage.
The leopard gecko bites you.
Casting: Corona (safe; 6% risk of failure)
Confirm with . or Enter, or press ? or * to list all spells.
Aiming: Corona (safe; 6% risk of failure)
Press: ? - help, Shift-Dir - straight line, f - leopard gecko
Aim: a leopard gecko (clinging, chance to defeat MR: 63%)
The leopard gecko is outlined in light.
The leopard gecko bites you.
* * * LOW HITPOINT WARNING * * *
The leopard gecko closely misses you. The leopard gecko bites you.
You die...

.........#
######
........##
####.....#
#.#.###
#.#.#
###.#.#
#.....#
###.###
#@# #l#
#.#
#.......#
#######..


You could see a leopard gecko.

Vanquished Creatures
  A bat (D:1)
  A rat (D:1)
2 creatures vanquished.

Notes
Turn   | Place    | Note
-------+----------+-------------------------------------------
     0 | D:1      | Brecoman the Naga Enchanter began the quest for the Orb.
     0 | D:1      | Reached XP level 1. HP: 15/15 MP: 3/3
    74 | D:1      | Slain by a leopard gecko

Levels and vault maps discovered:
D:1:      mainiacjoe_arrival_reflecting_pool, layout_basic, serial_curves,
          eino_curves_01, eino_curves_02, chequers_arboretum

Action                   || total
-------------------------++-------
Melee: Dagger            ||     6
 Cast: Corona            ||     1
Armor: Robe              ||     1
Dodge: Dodged            ||     6

Table legend:
 A = Non-vault XP
 B = Vault XP
 C = Vault XP percentage of total XP
 D = Non-vault monster count
 E = Vault monster count
 F = Vault count percentage of total count
                 A         B        C        D         E       F
            +---------+---------+-------+---------+---------+-------
      Total |       2 |       0 |   0.0 |       2 |       0 |   0.0
            +---------+---------+-------+---------+---------+-------
        D:1 |       2 |       0 |   0.0 |       2 |       0 |   0.0
            +---------+---------+-------+---------+---------+-------
